 Dungeon Crawl Stone Soup version 0.18-a0-373-gaf408bd (webtiles) character file.

161 kosy22 the Ducker (level 5, -3/53 HPs)
             Began as a Troll Fighter on Nov 29, 2015.
             Slain by a hobgoblin
             ... wielding a +0 club
              (6 damage)
             ... on level 3 of the Dungeon.
             The game lasted 00:04:43 (1684 turns).

kosy22 the Ducker (Troll Fighter)                   Turns: 1684, Time: 00:04:43

Health: -3/53      AC:  5    Str: 25    XL:     5   Next: 18%
Magic:  4/4        EV:  8    Int:  4    God:
Gold:   121        SH:  9    Dex:  9    Spells: 1 memorised, 3 levels left

rFire  . . .     SeeInvis .       - Unarmed
rCold  . . .     Clarity  .     a - +0 robe
rNeg   . . .     SustAt   .     b - +0 shield
rPois  .         Gourm    +     (helmet restricted)
rElec  .         Spirit   .     (no cloak)
rCorr  .         Warding  .     (gloves unavailable)
rMut   .         Stasis   .     (boots unavailable)
MR     .....                    (no amulet)
Stlth  +.........               (no ring)
                                (no ring)

@: not resistant to hostile enchantments, very unstealthy
A: unfitting armour, claws 3, fast metabolism 3, gourmand, regeneration 2,
shaggy fur 1, tough skin 2
a: no special abilities


You were on level 3 of the Dungeon.
You were very full.

You visited 1 branch of the dungeon, and saw 3 of its levels.

You collected 121 gold pieces.

Inventory:

Missiles
 m - a throwing net (quivered)
Armour
 a - a +0 robe (worn)
 b - a +0 shield (worn)
Jewellery
 h - an uncursed ring of ice {unknown}
 j - a +2 ring of evasion {unknown}
Scrolls
 e - a scroll of enchant armour {unknown}
 f - a scroll of recharging {unknown}
 g - a scroll of noise {unknown}
 l - 2 scrolls of remove curse {unknown}
 p - a scroll of immolation {unknown}
 q - a scroll of teleportation {unknown}
 s - a scroll of amnesia {unknown}
 v - 2 scrolls of identify {unknown}
 w - a scroll of magic mapping {unknown}
Potions
 c - a potion of might
 i - 2 potions of agility {unknown}
 n - a potion of curing {unknown}
 o - 2 potions of lignification {unknown}
 t - a potion of mutation {unknown}
 u - a potion of flight {unknown}
 x - a potion of cancellation {unknown}
Comestibles
 d - 2 bread rations
 k - 2 meat rations
 r - 6 fruits


   Skills:
 + Level 3.0 Fighting
 + Level 3.8 Dodging
 + Level 2.9 Shields
 + Level 2.6 Unarmed Combat
 + Level 0.2 Hexes


You had 3 spell levels left.
You knew the following spells:

 Your Spells              Type           Power        Failure   Level  Hunger
a - Corona                Hex            #......      99%         1    ##.....


Dungeon Overview and Level Annotations

Branches:
Dungeon (3/15)

Altars:
Makhleb


Innate Abilities, Weirdness & Mutations

You are too large for most types of armour.
You have claws for hands.
Your metabolism is lightning-fast.
You like to eat raw meat.
You heal very quickly.
You are covered in fur (AC +1).
You have very tough skin (AC +2).


Message History

The goblin barely misses you. The goblin hits you.
The goblin hits you with a dagger.
* * * LOW HITPOINT WARNING * * *
The goblin hits you with a club.
* * * LOW HITPOINT WARNING * * *
The hobgoblin barely misses you. You block the goblin's attack.
The goblin hits you with a dagger.
* * * LOW HITPOINT WARNING * * *
The hobgoblin hits you with a club!
* * * LOW HITPOINT WARNING * * *
You block the goblin's attack. The hobgoblin barely misses you.
The goblin hits you but does no damage.
A goblin comes into view.
You block the goblin's attack. x2
The goblin hits you but does no damage.
The goblin shouts!
You claw the goblin!
You kill the goblin!
The hobgoblin hits you with a club.
You die...

#.# #.... #<# .gg. ##.#
#g. #########..# #g#
#........(##### #.#
#.........#.g. ###.#
#........g#.# ###...#
#.......ggg.####gg.###
#.......gg@###.g.###
###........).....###
...........g###..####
###......)..........###
#######)##.######...#
#####.##.# ###.#
##.....gg.## #.## ####
#..........# #..###...
##.<......## ##.##..##


You could see 3 hobgoblins and 5 goblins.

Vanquished Creatures
  A hound (D:2)
  Jessica (D:3)
  Robin (D:3)
  3 adders (D:2)
  2 oozes
  2 worms
  A giant gecko (D:1)
  2 orcs (D:3)
  3 giant cockroaches
  12 hobgoblins
  3 jackals (D:1)
  7 kobolds
  A quokka (D:2)
  2 bats
  2 giant newts
  5 goblins
  4 rats
52 creatures vanquished.

Notes
Turn   | Place    | Note
--------------------------------------------------------------
     0 | D:1      | kosy22 the Troll Fighter began the quest for the Orb.
     0 | D:1      | Reached XP level 1. HP: 22/22 MP: 0/0
   185 | D:1      | Reached XP level 2. HP: 29/29 MP: 1/1
   659 | D:2      | Learned a level 1 spell: Corona
   735 | D:2      | Reached XP level 3. HP: 29/36 MP: 2/2
   899 | D:2      | Found a burning altar of Makhleb.
   903 | D:2      | Reached skill level 3 in Dodging
   903 | D:2      | Reached XP level 4. HP: 37/44 MP: 3/3
  1579 | D:3      | Noticed Jessica
  1583 | D:3      | Noticed Robin
  1594 | D:3      | Killed Jessica
  1594 | D:3      | Reached XP level 5. HP: 27/53 MP: 4/4
  1680 | D:3      | Killed Robin
  1681 | D:3      | HP: 1/53 [hobgoblin/club[Robin] (8)]
  1684 | D:3      | Slain by a hobgoblin

Vault maps used:
D:1:      moated_graveyard_arrival, serial_bayou_lake_a
D:2:      makhleb_heckhound_becter
D:3:      first_bread, uniq_jessica, uniq_robin

Action                   |  1- 3 |  4- 6 || total
-------------------------+-------+-------++-------
Melee: Unarmed           |    73 |    83 ||   156
  Eat: Chunk             |     1 |    15 ||    16
       Bread ration      |     1 |       ||     1
